 Dungeon Crawl Stone Soup version 0.22.0-5-gf09313c (webtiles) character file.

36 Gorglomux the Cutter (level 3, -1/19 HPs)
             Began as a Vine Stalker Gladiator on Aug 13, 2018.
             Slain by Terence
             ... wielding a +2 trident of flaming
              (6 damage)
             ... on level 2 of the Dungeon.
             The game lasted 00:00:39 (1224 turns).

Gorglomux the Cutter (Vine Stalker Gladiator)       Turns: 1224, Time: 00:00:40

Health: -1/19      AC:  4    Str: 17    XL:     3   Next: 37%
Magic:  0/4        EV: 13    Int:  8    God:
Gold:   65         SH:  0    Dex: 18    Spells: 2/2 levels left

rFire    + . .     SeeInvis .   a - +0 rapier
rCold    + . .     Gourm    .   (no shield)
rNeg     . . .     Faith    +   b - +0 leather armour
rPois    .         Spirit   +   c - +0 helmet
rElec    .         Reflect  .   V - scarf {rC+ rF+}
rCorr    .         Harm     .   (no gloves)
MR       .....                  (no boots)
Stlth    +.........             R - amulet of faith
HPRegen  0.06/turn              N - +3 ring of dexterity
MPRegen  0.09/turn              (no ring)

@: no status effects
A: fangs 2, magic shield, antimagic bite, no potion heal 3, rot immunity
a: no special abilities


You were on level 2 of the Dungeon.
You were not hungry.

You visited 1 branch of the dungeon, and saw 2 of its levels.

You collected 65 gold pieces.

Inventory:

Hand Weapons
 a - a +0 rapier (weapon)
Missiles
 Z - 3 throwing nets (quivered)
Armour
 b - a +0 leather armour (worn)
 c - a +0 helmet (worn)
 V - a scarf of resistance (worn)
Jewellery
 N - a +3 ring of dexterity (left hand)
 R - an amulet of faith (around neck)
Scrolls
 O - a scroll of fog {unknown}
 P - a scroll of amnesia {unknown}
 T - a scroll of immolation {unknown}
 U - a scroll of random uselessness {unknown}
 X - 2 scrolls of identify {unknown}
Potions
 Q - a potion of curing {unknown}
 S - a potion of haste
 Y - a potion of lignification {unknown}
Comestibles
 f - 4 rations
 W - 2 chunks of flesh


   Skills:
 + Level 2.4 Fighting
 + Level 3.1 Short Blades
 - Level 1.7 Throwing
 + Level 1.1 Armour
 - Level 2.4 Dodging


You had 2 spell levels left.
You didn't know any spells.
Your spell library was empty.

Dungeon Overview and Level Annotations

Branches:
Dungeon (2/15)

Altars:
Fedhas

Annotations:
D:2 Terence


Innate Abilities, Weirdness & Mutations

You have extremely sharp teeth.
When hurt, damage is shared between your health and your magic reserves.
Your bite disrupts and absorbs the magic of your enemies.
Potions cannot restore your health.
You are immune to rotting.


Message History

Terence hits you from afar with a trident of flaming!
Terence burns you! Butt barely misses you!
Terence says, "You're history!"
Terence barely misses you!
Terence bares his teeth!
Terence barely misses butt!
Terence hits you from afar with a trident of flaming!
Terence butts you! Terence closely misses you!
Terence hits you but does no damage!
Terence says, "Rest in peace!"
Terence hits you from afar with a trident of flaming!
Terence hits you from afar with a trident of flaming!!!
Terence burns you! * * * don't die
* * * Terence misses you!
There is a stone staircase leading up, spattered with blood here!
Terence hits you from afar with a trident of flaming!!! rip

>......#................##.#
###..##....###....####.###.#
#....)...# ##.#.# ##.###.#
#..).....# #.#.###...##.#
###........# #...##..#....#
...(.......# ###.##....####
###........# #.##.#.##
...........######.##.#.#
####..........@.@......# #
##.#.#.#######.##...# #
#.#.#.# #.##...# # #######
###.##[..#### #
#...........# #
#####.#..#...##.# #
#....(.#.#..###.# # ♣♣♣♣
#....(###...###.# ♣♣..♣
######.#.#......#


You could see Terence.

Vanquished Creatures
  2 oozes
  2 dart slugs
  3 bats
  A giant cockroach (D:1)
  3 goblins (D:1)
  3 hobgoblins
  A quokka (D:2)
  2 frilled lizards (D:1)
  5 kobolds
  2 rats (D:1)
24 creatures vanquished.

Notes
Turn   | Place    | Note
-------+----------+-------------------------------------------
     0 | D:1      | Gorglomux the Vine Stalker Gladiator began the quest for the Orb.
     0 | D:1      | Reached XP level 1. HP: 11/11 MP: 2/2
   272 | D:1      | Reached XP level 2. HP: 13/15 MP: 1/3
   359 | D:1      | Reached skill level 3 in Short Blades
   877 | D:2      | Found a blossoming altar of Fedhas.
   910 | D:2      | Reached skill level 1 in Armour
   978 | D:2      | Reached XP level 3. HP: 18/19 MP: 2/4
  1192 | D:2      | Noticed Terence
  1224 | D:2      | Slain by Terence

Skill      XL: |  1  2 |
---------------+-------+-----
Fighting       | 2 |  2.4
Short Blades   | 3 |  3.1
Armour         | 1 |  1.1
Throwing       | |  1.7
Dodging        | |  2.4

Action                   || total
-------------------------++-------
Melee: Rapier            ||    62
       Bite              ||    18
 Stab: Sleeping          ||     1
  Eat: Chunk             ||     1
Armor: Leather armour    ||    19
Dodge: Dodged            ||    43
